 Dungeon Crawl Stone Soup version 0.27-a0-1118-ga84896973d (webtiles) character file.

Game seed: 1424636097720805603

2977 Froggeryz the Basher (level 9, -7/65 (69) HPs)
             Began as a Demigod Ice Elementalist on May 2, 2021.
             Mangled by a wight
             ... wielding a +3 flail of freezing
              (16 damage)
             ... on level 6 of the Dungeon.
             The game lasted 00:11:24 (8361 turns).

Froggeryz the Basher (Demigod Ice Elementalist)     Turns: 8361, Time: 00:11:24

HP:   -7/65 (69)    AC: 10    Str: 17    XL:     9   Next: 28%
MP:   7/14          EV: 12    Int: 21    God:
Gold: 407           SH:  0    Dex: 14    Spells: 4/11 levels left

rFire    . . .     SeeInvis .   m - +2 rapier (elec)
rCold    + . .     Faith    .   (no shield)
rNeg     . . .     Spirit   .   k - +0 robe {rC+}
rPois    +         Reflect  .   d - +0 helmet
rElec    .         Harm     .   (no cloak)
rCorr    +         Rampage  .   (no gloves)
Will     .....                  (no boots)
Stlth    ++........             (no amulet)
HPRegen  0.20/turn              i - ring of resist corrosion
MPRegen  0.14/turn              l - ring of poison resistance

@: ice-armoured, freezing walls, drained
A: high mp 1, forlorn
a: no special abilities


You were on level 6 of the Dungeon.
You visited 1 branch of the dungeon, and saw 7 of its levels.

You collected 446 gold pieces.
You spent 39 gold pieces at shops.

Inventory:

Hand Weapons
 e - the +8 whip of Classification {vorpal, rPois rC++ Str-2 Dex+2}
   (You found it on level 4 of the Dungeon)

   It inflicts extra damage upon your enemies.
   It affects your strength (-2).
   It affects your dexterity (+2).
   It greatly protects you from cold.
   It protects you from poison.
 m - a +2 rapier of electrocution (weapon)
Missiles
 c - 4 silver javelins (quivered)
Armour
 d - a +0 helmet (worn)
 k - a +0 robe of cold resistance (worn)
Jewellery
 i - a ring of resist corrosion (left hand)
 l - a ring of poison resistance (right hand)
 s - a ring of fire
 t - a ring of ice
Scrolls
 f - a scroll of blinking
 g - 2 scrolls of identify
 h - 2 scrolls of teleportation
 o - a scroll of enchant weapon {unknown}
Potions
 a - a potion of magic {unknown}
 b - 3 potions of lignification
 j - a potion of curing
 n - 2 potions of heal wounds {unknown}
 p - 2 potions of degeneration {unknown}
 r - a potion of brilliance {unknown}


   Skills:
 - Level 3.0 Fighting
 + Level 9.3 Maces & Flails
 - Level 3.0 Armour
 - Level 1.7 Dodging
 - Level 1.7 Stealth
 - Level 1.7 Spellcasting
 - Level 7.3 Ice Magic


You had 4 spell levels left.
You knew the following spells:

 Your Spells              Type           Power      Damage    Failure   Level
a - Freeze                Ice            100%       1d11      1%          1
b - Frozen Ramparts       Ice            64%        1d8       2%          3
c - Ozocubu's Armour      Ice            32%        N/A       2%          3

Your spell library contained the following spells:

 Spells                   Type           Power      Damage    Failure   Level
 Ensorcelled Hibernation  Hex/Ice        34%        N/A       4%          2
 Corona                   Hex            1%         N/A       16%         1
 Sting                    Tmut/Pois      4%         1d3       16%         1
 Summon Small Mammal      Summ           4%         N/A       16%         1
 Call Imp                 Summ           1%         N/A       22%         2
 Poisonous Vapours        Pois/Air       2%         N/A       22%         2
 Hailstorm                Conj/Ice       17%        3d6       32%         4
 Summon Ice Beast         Ice/Summ       17%        N/A       32%         4
 Call Canine Familiar     Summ           1%         N/A       41%         3
 Confusing Touch          Hex            1%         N/A       41%         3
 Dazzling Flash           Conj/Hex       2%         N/A       41%         3
 Ignite Poison            Fire/Tmut/Pois 1%         N/A       41%         3
 Mephitic Cloud           Conj/Pois/Air  1%         N/A       41%         3
 Summon Guardian Golem    Hex/Summ       1%         N/A       41%         3
 Tukima's Dance           Hex            1%         N/A       41%         3
 Olgreb's Toxic Radiance  Pois           1%         N/A       83%         4
 Summon Lightning Spire   Summ/Air       1%         N/A       83%         4
 Metabolic Englaciation   Hex/Ice        8%         N/A       67%         5


Dungeon Overview and Level Annotations

Branches:
Dungeon (7/15)             Temple (0/1) D:4

Shops:
D:3 !   D:7 :

Portals:
Abyss: D:3

Annotations:
D:6 3 runed translucent doors, Bapho's ghost, novice DrFi; Howlingfantods's ghost, amateur MiFi


Innate Abilities, Weirdness & Mutations

Your attributes grow dramatically as you level up.
You have an increased reservoir of magic. (+10% MP)
You shall have no god before yourself.


Message History

The wight is moderately damaged.
The wight hits you with a +3 flail of freezing.
The wight freezes you.
You closely miss the wight.
The wight is moderately damaged.
The wight hits you with a +3 flail of freezing!
The wight freezes you.
You hit the wight.
The wight is moderately damaged.
The wight closely misses you.
You hit the wight.
The wight is heavily damaged.
The wight hits you with a +3 flail of freezing!
The wight freezes you.
Casting: Ozocubu's Armour (dangerous; 2% risk of failure)
Confirm with . or Enter, or press ? or * to list all spells.
Casting: Frozen Ramparts (dangerous; 2% risk of failure)
Press: ? - help, Dir - look around, f - activate The walls around you are covered in ice.
The wight completely resists.
The wall freezes the wight but does no damage.
The wight hits you with a +3 flail of freezing!
* * * LOW HITPOINT WARNING * * *
You feel drained.
* * * LOW HITPOINT WARNING * * *
The wight freezes you.
* * * LOW HITPOINT WARNING * * *
Unknown command.
Casting: Frozen Ramparts (dangerous; 2% risk of failure)
Confirm with . or Enter, or press ? or * to list all spells.
A film of ice covers your body!
The wight resists.
The wall freezes the wight.
The wight hits you with a +3 flail of freezing.
* * * LOW HITPOINT WARNING * * *
You feel drained.
* * * LOW HITPOINT WARNING * * *
You closely miss the wight.
The wight is heavily damaged.
The wight resists.
The wall freezes the wight.
The wight hits you with a +3 flail of freezing!
You die...

#.# #...#####.#.## #.# ###.#
##.## #.# #.# #.# #)# #.# #.#
#.# #.# #.# ###
#.############# #.# #.# #..
#.8##.#.#.#.#.# #.# #.# #.#
#.###'#'#'#'#z#+#.## #.# #.#
#..'...[.....@..#..#####.###.#
#####'#†#'#'#+#+#.............
#.#.#_#.# #..#####.###..
######### #### #...... #######


You could see a wight.

Vanquished Creatures
  Pikel (D:7)
  Maggie (D:6)
  Prince Ribbit (D:7)
  Sigmund (D:3)
  Edmund (D:6)
  A water moccasin (D:6)
  A black bear (D:7)
  A sky beast (D:6)
  3 necrophages (D:6)
  A centaur (D:7)
  3 ogres
  2 lemures (D:7)
  A bullfrog (D:6)
  2 bullfrog zombies
  2 hounds
  An orc priest (D:5)
  A human zombie (D:6)
  A jelly (D:4)
  A centaur skeleton (D:6)
  5 iguanas
  8 orc wizards
  A hound skeleton (D:5)
  3 mummies (D:6)
  A howler monkey zombie (D:6)
  9 gnolls
  8 adders
  A howler monkey skeleton (D:2)
  An adder skeleton (D:4)
  3 worms
  13 orcs
  8 ball pythons
  8 bats
  5 endoplasms
  3 giant cockroaches
  6 goblins
  4 hobgoblins
  4 jackals
  7 kobolds
  2 quokkas
  5 frilled lizards
  A quokka skeleton (D:2)
  7 rats
  A lurking horror (D:3)
140 creatures vanquished.

Vanquished Creatures (others)
  A lurking horror (D:3)
1 creature vanquished.

Grand Total: 141 creatures vanquished

Notes
Turn   | Place    | Note
-------+----------+-------------------------------------------
     0 | D:1      | Froggeryz the Demigod Ice Elementalist began the quest for
                  | the Orb.
     0 | D:1      | Reached XP level 1. HP: 14/14 MP: 5/5
   466 | D:1      | Reached XP level 2. HP: 15/20 MP: 1/7
  1578 | D:2      | Reached XP level 3. HP: 26/26 MP: 8/8
  1679 | D:2      | Learned a level 3 spell: Frozen Ramparts
  1777 | D:2      | Reached skill level 5 in Ice Magic
  2551 | D:3      | Reached XP level 4. HP: 33/33 MP: 9/9
  2558 | D:3      | Found Porridd's Distillery.
  2561 | D:3      | Bought a potion of curing for 39 gold pieces
  2565 | D:3      | Noticed Sigmund
  2577 | D:3      | Killed Sigmund
  2578 | D:3      | Reached XP level 5. HP: 23/38 MP: 6/10
  2789 | D:3      | Learned a level 3 spell: Ozocubu's Armour
  2937 | D:3      | Noticed an ogre
  2944 | D:3      | Killed an ogre
  2945 | D:3      | Reached XP level 6. HP: 45/45 MP: 2/11
  3099 | D:3      | Found a one-way gate to the infinite horrors of the Abyss.
  3887 | D:4      | Found a staircase to the Ecumenical Temple.
  4493 | D:4      | Reached skill level 1 in Fighting
  4493 | D:4      | Reached skill level 1 in Armour
  5134 | D:4      | Identified the +8 whip of Classification {vorpal, rPois
                  | rC++ Str-2 Dex+2}
  5166 | D:5      | Entered Level 5 of the Dungeon
  5210 | D:5      | Reached XP level 7. HP: 15/55 MP: 3/12
  5774 | D:5      | Reached skill level 1 in Maces & Flails
  5837 | D:5      | You fall into a shaft and drop 2 floors!
  5837 | D:7      | Found Zowag's Book Emporium.
  5868 | D:7      | Reached skill level 2 in Maces & Flails
  6002 | D:6      | Found a runed translucent gate.
  6003 | D:6      | Found a runed translucent gate.
  6004 | D:6      | Found a runed translucent gate.
  6004 | D:6      | Noticed Bapho's ghost (novice DrFi)
  6004 | D:6      | Noticed Howlingfantods's ghost (amateur MiFi)
  6027 | D:6      | Reached skill level 3 in Maces & Flails
  6844 | D:6      | Reached skill level 4 in Maces & Flails
  6844 | D:6      | Reached XP level 8. HP: 51/63 MP: 7/13
  7067 | D:6      | Reached skill level 5 in Maces & Flails
  7201 | D:6      | You fall into a shaft and drop 1 floor!
  7213 | D:7      | Noticed Prince Ribbit
  7220 | D:7      | Killed Prince Ribbit
  7221 | D:7      | Reached skill level 6 in Maces & Flails
  7296 | D:7      | Noticed Pikel
  7304 | D:7      | Killed Pikel
  7305 | D:7      | Reached skill level 7 in Maces & Flails
  7705 | D:6      | Noticed Edmund
  7709 | D:6      | Reached skill level 8 in Maces & Flails
  7712 | D:6      | Killed Edmund
  7713 | D:6      | Reached XP level 9. HP: 69/69 MP: 7/14
  8004 | D:6      | Noticed Maggie
  8011 | D:6      | Killed Maggie
  8249 | D:6      | Reached skill level 9 in Maces & Flails
  8361 | D:6      | Mangled by a wight

Illustrated notes

Levels and vault maps discovered:
D:1:      lemuel_arrival_behind_the_door_small, layout_rooms
D:2:      layout_basic, shapermc_ecumenical_altar_mp_ritualfount,
          grunt_ministairs_4
D:3:      layout_loops_ring, serial_shops, shop, hangedman_decor_lopped,
          kennysheep_big_empty_room, amcnicky_altar_lugonu_corruption,
          uniq_sigmund
D:4:      layout_gridville, kennysheep_mini_moat, minmay_temple_entry_waves,
          saegor_snake_ambush
D:5:      layout_loops_corners, minmay_a_box_with_orc_wizards_in_it
D:6:      layout_loops_ring, lemuel_mausoleum_altar_yredelemnul,
          gammafunk_ghost_cemetery, uniq_maggie, uniq_edmund
D:7:      layout_gridville, gammafunk_temple_overflow_pools, serial_shops, shop,
          uniq_prince_ribbit1, uniq_pikel

Skill      XL: |  1  2  3  4  5  6  7  8  9 |
---------------+----------------------------+-----
Ice Magic      | 4 5 6 7 |  7.3
Fighting       | 2 3 |  3.0
Armour         | 2 3 |  3.0
Maces & Flails | 4 8 9 |  9.3
Dodging        | |  1.7
Stealth        | |  1.7
Spellcasting   | |  1.7

Action                   |  1- 3 |  4- 6 |  7- 9 || total
-------------------------+-------+-------+-------++-------
Melee: Unarmed           |    10 |       |       ||    10
       Dagger            |    97 |    50 |       ||   147
       Spear             |       |    13 |       ||    13
       Whip              |       |     7 |    76 ||    83
       Rapier            |       |       |    38 ||    38
Throw: Javelin           |     2 |     2 |     2 ||     6
 Cast: Freeze            |    27 |     7 |     3 ||    37
       Frozen Ramparts   |     2 |    15 |    20 ||    37
       Ozocubu's Armour  |       |     8 |    12 ||    20
  Use: Scroll            |     1 |     3 |       ||     4
 Stab: Sleeping          |     2 |     1 |     2 ||     5
Armor: Robe              |    45 |    20 |    33 ||    98
Dodge: Dodged            |    99 |    47 |    69 ||   215

Table legend: (Time is in decaauts)
 A = Elapsed time spent in this place.
 B = Non-inter-level travel time spent in this place.
 C = Inter-level travel time spent in this place.
 D = Time resting spent in this place.
 E = Time spent auto-exploring this place.
 F = Levels seen in this place.
 G = Mean time per level.
                   A        B        C        D        E       F      G
               +--------+--------+--------+--------+--------+-----+--------+
         Total |   8379 |   8181 |    198 |    922 |   6166 |   7 | 1197.0 |
       Dungeon |   8379 |   8181 |    198 |    922 |   6166 |   7 | 1197.0 |
               +--------+--------+--------+--------+--------+-----+--------+

Top non-repeatable levels by time:
     D:6: 1518 daAuts
     D:4: 1511 daAuts
     D:1: 1435 daAuts
     D:3: 1370 daAuts
     D:5: 1200 daAuts
     D:2: 1081 daAuts
     D:7: 262 daAuts
